 Dungeon Crawl Stone Soup version 0.24.0-13-gcf9b319 (webtiles) character file.

Game seed: 6451374085316709866, levelgen mode: deterministic

42 Bronimir the Firebug (level 3, -1/20 HPs)
             Began as a Gargoyle Fire Elementalist on Apr 21, 2020.
             Splashed by a jelly's acid (9 damage)
             ... on level 1 of the Dungeon.
             The game lasted 00:02:23 (1563 turns).

Bronimir the Firebug (Gargoyle Fire Elementalist)   Turns: 1563, Time: 00:02:24

Health: -1/20      AC:  2    Str: 12    XL:     3   Next: 56%
Magic:  6/6        EV: 12    Int: 15    God:
Gold:   82         SH:  0    Dex: 10    Spells: 3/6 levels left

rFire    . . .     SeeInvis .   a - +0 mace
rCold    . . .     Gourm    .   (no shield)
rNeg     + . .     Faith    .   n - +0 robe
rPois    ∞         Spirit   .   f - +0 helmet
rElec    +         Reflect  .   (no cloak)
rCorr    .         Harm     .   (no gloves)
MR       .....                  (no boots)
Stlth    ++........             (no amulet)
HPRegen  0.06/turn              (no ring)
MPRegen  0.10/turn              (no ring)

@: corroded
A: negative energy resistance 1, electricity resistance, unbreathing,
petrification resistance, rot immunity, AC +3
a: no special abilities


You were on level 1 of the Dungeon.
You were not hungry.

You visited 1 branch of the dungeon, and saw 1 of its levels.

You collected 82 gold pieces.

Inventory:

Hand Weapons
 a - a +0 mace (weapon)
 g - a +0 dagger
 i - a +0 short sword
 j - a +0 club
Missiles
 e - 22 stones (quivered)
Armour
 f - a +0 helmet (worn)
 k - a +0 ring mail
 n - a +0 robe (worn)
Scrolls
 b - a scroll of fog {unknown}
 d - a scroll of teleportation {unknown}
 h - a scroll of remove curse {unknown}
 l - a scroll of amnesia {unknown}
 m - a scroll of enchant armour {unknown}
 o - a scroll of identify {unknown}
Comestibles
 c - 3 rations
 p - 5 chunks of flesh


   Skills:
 * Level 0.5 Fighting
 + Level 0.1 Maces & Flails
 * Level 0.4 Armour
 + Level 1.6 Dodging
 - Level 2.3 Stealth
 + Level 0.5 Unarmed Combat
 * Level 2.3 Spellcasting
 * Level 1.9 Conjurations
 * Level 3.5 Fire Magic


You had 3 spell levels left.
You knew the following spells:

 Your Spells              Type           Power        Failure   Level  Hunger
a - Flame Tongue          Conj/Fire      #....        7%          1    #......
b - Throw Flame           Conj/Fire      #.....       11%         2    ###....

Your spell library contained the following spells:

 Spells                   Type           Power        Failure   Level  Hunger
 Conjure Flame            Conj/Fire      #.......     22%         3    ###....
 Inner Flame              Hex/Fire       #.......     32%         3    ###....
 Sticky Flame             Conj/Fire      #.......     56%         4    #####..
 Fireball                 Conj/Fire      #.........   89%         5    ######.


Dungeon Overview and Level Annotations

Branches:
Dungeon (1/15)

Altars:


Innate Abilities, Weirdness & Mutations

You are resistant to torment.
Your stone body is resilient. (AC +3)
You are immune to poison.
You resist negative energy. (rN+)
You are resistant to electric shocks. (rElec)
You can survive without breathing.
You are immune to petrification.
You are immune to rotting.


Message History

You hit the ooze.
The ooze is severely wounded.
The ooze hits you but does no damage. x2
You hit the ooze.
The ooze is almost dead.
The ooze barely misses you.
You hit the ooze.
You kill the ooze!
The jelly quivers.
There are monsters nearby!
You hit the jelly but do no damage.
Your hands burn!
The jelly jiggles.
The jelly hits you but does no damage. The jelly closely misses you.
You barely miss the jelly. The jelly closely misses you.
The jelly hits you but does no damage. The jelly barely misses you.
You hit the jelly.
Your hands burn!
The jelly is moderately wounded.
The jelly hits you but does no damage. The jelly hits you.
The acid corrodes you!
You are splashed with acid!
You die...

#.# #.# #.# #.# ###.#
#.####### #.# #.# #...#
#.......# #.# #.# #.#.#
#######.#### #.######.#
#.#.# ##......#####..#...#.#
#.#.# #..........†.......#.#
#.#.#
##.###############....#
#.#.#
##..#...J.........#.####
#.#.####...#....@........#.#
...........#.....J.....?.#.#
###.####...#######'#######.#
..### ##..#.............#.#
..# ##.'⌠[...###....⌠..# ..#
#..#......<......#J#
..#######..#..⌠...>...⌠..#.#
...........###'#######'###.#
#.########......^.......†..#


You could see 2 jellies.

Vanquished Creatures
  2 oozes (D:1)
  A leopard gecko (D:1)
  9 giant cockroaches (D:1)
  5 goblins (D:1)
  3 hobgoblins (D:1)
  2 jackals (D:1)
  A bat (D:1)
  2 kobolds (D:1)
  4 rats (D:1)
29 creatures vanquished.

Notes
Turn   | Place    | Note
-------+----------+-------------------------------------------
     0 | D:1      | Bronimir the Gargoyle Fire Elementalist began the quest for
                  | the Orb.
     0 | D:1      | Reached XP level 1. HP: 10/10 MP: 3/3
     1 | D:1      | Found a runed translucent door.
   513 | D:1      | Reached XP level 2. HP: 15/15 MP: 1/5
   911 | D:1      | Learned a level 2 spell: Throw Flame
  1367 | D:1      | Reached XP level 3. HP: 13/19 MP: 6/6
  1563 | D:1      | Splashed by a jelly's acid

Levels and vault maps discovered:
D:1:      dpeg_arrival_caged_fury, layout_loops_ring

Action                   || total
-------------------------++-------
Melee: Unarmed           ||    29
       Mace              ||    52
       Club              ||     2
       Short sword       ||     2
 Cast: Flame Tongue      ||    41
  Eat: Chunk             ||     3
Armor: Robe              ||    56
Dodge: Dodged            ||    68
